 Dungeon Crawl Stone Soup version 0.20.1-1-g8b1a95d (webtiles) character file.

125 digijack the Skirmisher (level 4, -18/37 HPs)
             Began as a Mummy Chaos Knight on Dec 19, 2017.
             Killed from afar by hilaritas's ghost (29 damage)
             ... with a blast of rock fragments
             ... on level 6 of the Dungeon.
             The game lasted 00:27:31 (3398 turns).

digijack the Skirmisher (Mummy Chaos Knight)        Turns: 3398, Time: 00:27:32

Health: -18/37     AC:  8    Str: 15    XL:     4   Next: 82%
Magic:  4/4        EV: 12    Int: 11    God:    Xom [.*....]
Gold:   172        SH:  0    Dex: 12    Spells: 3/3 levels left

rFire    x . .     SeeInvis .   a - +0 short sword (chaos)
rCold    + . .     Gourm    .   (no shield)
rNeg     + + +     Faith    .   b - +3 leather armour
rPois    ∞         Spirit   .   c - +1 helmet
rElec    .         Reflect  .   (no cloak)
rCorr    .         Harm     .   (no gloves)
MR       .....                  (no boots)
Stlth    +.........             (no amulet)
Regen    0.2/turn               (no ring)
MPRegen  0.1/turn               (no ring)

@: no status effects
A: no food or potions, fire vulnerability, cold resistance 1, negative energy
resistance 3, torment resistance, unbreathing
a: Renounce Religion


You were on level 6 of the Dungeon.
You worshipped Xom.
You were a plaything of Xom.
You were not hungry.

You visited 1 branch of the dungeon, and saw 5 of its levels.

You collected 172 gold pieces.

Inventory:

Hand Weapons
 a - a +0 short sword of chaos (weapon)
Armour
 b - a +3 leather armour (worn)
 c - a +1 helmet (worn)
Scrolls
 d - a scroll of remove curse
 e - a scroll of fog


   Skills:
 + Level 3.7 Fighting
 + Level 3.0 Short Blades
 + Level 2.4 Armour
 + Level 2.2 Dodging


You had 3 spell levels left.
You didn't know any spells.

Dungeon Overview and Level Annotations

Branches:
Dungeon (6/15)
 Temple: D:4-7

Altars:
Dithmenos
Gozag
Trog
The Shining One

Shops:
D:5 (

Annotations:
D:6 hilaritas's ghost, novice DEEE


Innate Abilities, Weirdness & Mutations

You do not eat or drink.
Your flesh is vulnerable to fire.
You are immune to poison.
Your flesh is cold resistant. (rC+)
You are immune to negative energy. (rN+++)
You are immune to unholy pain and torment.
You can survive without breathing.


Message History

You shiver with cold.
You are now a plaything of Xom.
You start resting. "Take this token of my esteem."
Something appears at your feet!
f - a scroll labeled PUT SITRUECW {god gift} You start resting.
Hilaritas's ghost (novice Deep Elf Earth Elementalist) comes into view.
It is wielding a weapon of electrocution.
As you read the scroll labeled PUT SITRUECW {god gift}, it crumbles to dust.
It is a scroll of recharging.
You aren't carrying any rechargeable items.
Hilaritas's ghost turns its malevolent gaze towards you.
Hilaritas's ghost gestures at you while chanting.
The wall shatters!
The blast of rock fragments hits you!
* * * LOW HITPOINT WARNING * * *
Hilaritas's ghost points at you and mumbles some strange words.
The wall shatters!
The blast of rock fragments hits you!
Ouch! That really hurt!
You die...
Xom guffaws!

#.# ##.# #..#
#W## #.# #.#
#.# #####.#
#.# ##.....#
#.#########.@#
#.#..W.......#
#...##########
#####


You could see hilaritas's ghost.

Vanquished Creatures
  A hound (D:6)
  2 adders
  A worm (D:3)
  2 dart slugs
  3 leopard geckos
  6 orcs
  2 ball pythons
  3 bats
  2 giant cockroaches (D:2)
  7 goblins
  5 hobgoblins
  5 jackals
  9 kobolds
  2 quokkas
  4 frilled lizards
  A rat (shapeshifter) (D:3)
  4 rats
59 creatures vanquished.

Notes
Turn   | Place    | Note
-------+----------+-------------------------------------------
     0 | D:1      | digijack the Mummy Chaos Knight began the quest for the Orb.
     0 | D:1      | Reached XP level 1. HP: 18/18 MP: 1/1
    22 | D:1      | Reached skill level 1 in Dodging
    39 | D:1      | XOM: divination: detect creatures
   213 | D:1      | Reached XP level 2. HP: 23/24 MP: 2/2
   566 | D:1      | Reached XP level 3. HP: 25/29 MP: 3/3
   612 | D:1      | XOM: cloud trail
   678 | D:1      | XOM: harmless Fire miscast
   758 | D:1      | HP: 1/29 [magical explosion (28)]
  1067 | D:1      | XOM: noise
  1123 | D:2      | XOM: cloud trail
  1506 | D:2      | XOM: medium Summ miscast
  1507 | D:2      | Noticed a spatial vortex
  1762 | D:2      | XOM: divination: detect creatures
  2087 | D:3      | Reached XP level 4. HP: 35/35 MP: 4/4
  2170 | D:3      | Found a glowing golden altar of the Shining One.
  2273 | D:3      | Found a bloodstained altar of Trog.
  2282 | D:3      | XOM: medium Pois miscast
  2347 | D:3      | XOM: mild Conj miscast
  2395 | D:3      | XOM: harmless Pois miscast
  2536 | D:3      | You fall through a shaft for 2 floors!
  2536 | D:5      | Entered Level 5 of the Dungeon
  2648 | D:5      | Found a shadowy altar of Dithmenos.
  2713 | D:5      | Found Buedinai's Weapon Shop.
  2741 | D:5      | Found a bloodstained altar of Trog.
  2742 | D:5      | Found an opulent altar of Gozag.
  2951 | D:5      | XOM: severe Air miscast
  3157 | D:5      | XOM: summons 2 hostile demons
  3167 | D:5      | XOM: confusion
  3172 | D:5      | HP: 1/36 [scorpion (6)]
  3177 | D:5      | XOM: confusion
  3195 | D:5      | Noticed a sky beast
  3195 | D:5      | a scorpion changed into a sky beast
  3195 | D:5      | XOM: polymorph scorpion -> sky beast
  3203 | D:5      | XOM: noise
  3226 | D:6      | HP: 1/36 [hound (3)]
  3281 | D:6      | XOM: harmless Necr miscast
  3318 | D:6      | XOM: god gift: scroll labeled PUT SITRUECW {god gift}
  3360 | D:6      | Noticed hilaritas's ghost (novice DEEE)
  3398 | D:6      | Killed from afar by hilaritas's ghost

Skill      XL: |  1  2  3  4 |
---------------+-------------+-----
Dodging        | 1 2 |  2.2
Armour         | 2 |  2.4
Short Blades   | 3 |  3.0
Fighting       | |  3.7

Action                   |  1- 3 |  4- 6 || total
-------------------------+-------+-------++-------
Melee: Short sword       |   161 |    76 ||   237
  Use: Scroll            |     7 |     1 ||     8
Armor: Leather armour    |    51 |    67 ||   118
Dodge: Dodged            |    62 |    97 ||   159
